 Dungeon Crawl Stone Soup version 0.21-a0-528-gf531e82 (webtiles) character file.

27 solxrula the Cudgeler (level 2, -4/29 HPs)
             Began as a Troll Berserker on Dec 8, 2017.
             Was a Follower of Trog.
             Killed by nerve-wracking pain
             ... invoked by Jessica
              (12 damage)
             ... on level 2 of the Dungeon.
             The game lasted 00:03:23 (822 turns).

solxrula the Cudgeler (Troll Berserker)              Turns: 822, Time: 00:03:24

Health: -4/29      AC:  5    Str: 24    XL:     2   Next: 93%
Magic:  1/1        EV: 10    Int:  3    God:    Trog [*.....]
Gold:   51         SH:  0    Dex:  9    Spells: 1/1 levels left

rFire    . . .     SeeInvis .   a - +0 mace
rCold    . . .     Gourm    +   (no shield)
rNeg     . . .     Faith    .   b - +0 animal skin
rPois    +         Spirit   .   (helmet restricted)
rElec    .         Reflect  .   (no cloak)
rCorr    .         Harm     .   (gloves unavailable)
MR       .....                  (boots unavailable)
Stlth    +.........             (no amulet)
HPRegen  0.49/turn              e - ring of poison resistance
MPRegen  0.07/turn              (no ring)

@: berserk cooldown, slowed, very slow
A: large, unfitting armour, claws 3, fast metabolism 3, gourmand, regeneration
1, shaggy fur 1, tough skin 2
a: Berserk, Burn Spellbooks, Renounce Religion


You were on level 2 of the Dungeon.
You worshipped Trog.
Trog was aware of your devotion.
You were very full.

You visited 1 branch of the dungeon, and saw 2 of its levels.

You collected 51 gold pieces.

Inventory:

Hand Weapons
 a - a +0 mace (weapon)
Armour
 b - a +0 animal skin (worn)
Jewellery
 e - a ring of poison resistance (left claw)
Potions
 h - a potion of agility
 i - a potion of mutation {unknown}
Comestibles
 c - 2 bread rations
 f - 2 meat rations


   Skills:
 + Level 2.7 Fighting
 * Level 3.2 Maces & Flails
 + Level 2.6 Dodging


You had one spell level left.
You didn't know any spells.

Dungeon Overview and Level Annotations

Branches:
Dungeon (2/15)

Altars:
The Shining One

Annotations:
D:2 Jessica


Innate Abilities, Weirdness & Mutations

You are too large for most types of armour.
You have claws for hands.
Your metabolism is lightning-fast.
You like to eat raw meat.
Your natural rate of healing is unusually fast.
You are covered in fur. (AC +1)
You have very tough skin. (AC +2)


Message History

Jessica gestures at you while chanting. Pain shoots through your body!
* * * LOW HITPOINT WARNING * * *
Jessica hits you but does no damage.
You hit Jessica.
Jessica is lightly wounded.
Jessica hits you but does no damage. Jessica barely misses you.
You hit Jessica.
Jessica is severely wounded.
Jessica looks very angry.
Jessica completely misses you.
Jessica shouts, "You're disturbing me!
I'll have to kill you!" Jessica barely misses you.
You barely miss Jessica.
Jessica is severely wounded.
Jessica zaps a wand.
The puff of flame hits you!
* * * LOW HITPOINT WARNING * * *
Jessica casts a spell at you. Pain shoots through your body!
You die...

*,* *,* *,* *,* *,*
*,* *,********,*
########*,*,,,,,,,,*
#......#*,***,*******
#......#*>,,,,,,,,,,,
#...@.(#*,***+***,,,,
#$..@..#*,*,,,,,,,,,,
#......##...,,,,,,,,,
#...........,,,,,****
####'######.,,,,,*
#.# ******** #.# #.#
#.###### #......#


You could see Jessica.

Vanquished Creatures
  An ooze (D:1)
  A worm (D:2)
  2 bats (D:1)
  2 giant cockroaches (D:1)
  3 hobgoblins
  3 jackals (D:1)
  A ball python (D:1)
  A frilled lizard (D:1)
  2 kobolds
  3 rats
19 creatures vanquished.

Notes
Turn   | Place    | Note
-------+----------+-------------------------------------------
     0 | D:1      | solxrula the Troll Berserker began the quest for the Orb.
     0 | D:1      | Reached XP level 1. HP: 22/22 MP: 0/0
   159 | D:1      | Reached skill level 3 in Maces & Flails
   187 | D:1      | Reached XP level 2. HP: 29/29 MP: 1/1
   465 | D:1      | Found a glowing golden altar of the Shining One.
   810 | D:2      | Noticed Jessica
   822 | D:2      | Killed from afar by Jessica

Vault maps used:
D:1:      evilmike_arrival_rings, hex_intersection, tso_altar
D:2:      uniq_jessica

Skill      XL: |  1 |
---------------+----+-----
Maces & Flails | 3 |  3.2
Fighting       | |  2.7
Dodging        | |  2.6

Action                   || total
-------------------------++-------
Melee: Mace              ||    69
Invok: Berserk           ||     1
  Use: Scroll            ||     5
       Potion            ||     3
 Stab: Sleeping          ||     1
  Eat: Chunk             ||    12
Armor: Animal skin       ||    23
Dodge: Dodged            ||    36

Table legend:
 A = Spawn XP
 B = Non-spawn XP
 C = Spawn XP percentage of total XP
 D = Spawn monster count
 E = Non-spawn monster count
 F = Spawn count percentage of total count
 G = Total turns spent on level
                    A         B        C        D         E        F      G
               +---------+---------+-------+---------+---------+-------+---------
         Total |       0 |      39 |   0.0 |       0 |      19 |   0.0 |   822
               +---------+---------+-------+---------+---------+-------+---------
           D:1 |       0 |      28 |   0.0 |       0 |      14 |   0.0 |   661
           D:2 |       0 |      11 |   0.0 |       0 |       5 |   0.0 |   161
               +---------+---------+-------+---------+---------+-------+---------
